Map: Desert Strike Legacy (Official)

Players

JaySlays

  • Race: Terran Terran
  • Spawn Location: 7:00

Arretez

  • Race: Zerg Zerg
  • Spawn Location: 6:00

Wolf

  • Race: Terran Terran
  • League: Diamond
  • Spawn Location: 6:00

Ragnarock

  • Race: Terran Terran
  • Spawn Location: 11:00

CloudStrife

  • Race: Terran Terran
  • Spawn Location: 12:00

siegelord

  • Race: Protoss Protoss
  • Spawn Location: 1:00

VOD

Have the link to the VOD?

Description

Time

  • Played on: April 19, 2018, 10:56 p.m.
  • Length: 8:20
Show
View Real Time Build Order
Export as new Build Order

JaySlays Terran 

Build Orders:  

Get SALT Encoding   

    0:18  Command Center  
    0:51  Refinery  
    1:38  Barracks  
    2:17  Barracks  
    2:21  Barracks  
    2:47  Barracks  
    3:02  Barracks Tech Lab  
    3:24  Engineering Bay  
    3:48  Barracks  
    4:17  Barracks Tech Lab  
    4:42  Barracks  
    4:57  Barracks Reactor  
    5:51  Refinery  
    6:54  Factory  
Show
View Real Time Build Order
Export as new Build Order

Arretez Zerg 

Build Orders: Pool Only 

Get SALT Encoding   

    0:51  Extractor  
    1:33  Spawning Pool  
    2:10  Lair  
    2:27  Roach Warren  
    2:33  Baneling Nest  
    2:59  Roach Warren  
    3:35  Unknown  
    3:53  Spawning Pool  
    4:43  Baneling Nest  
    4:44  Baneling Nest  
    4:47  Baneling Nest  
    5:46  Extractor  
    6:54  Baneling Nest  
    6:58  Baneling Nest  
    7:14  Baneling Nest  
    7:31  Baneling Nest  
    7:58  Unknown  
Show
View Real Time Build Order
Export as new Build Order

Wolf Terran 

Build Orders:  

Get SALT Encoding   

    1:03  Refinery  
    2:03  Barracks x2  
    2:38  Barracks  
    2:41  Barracks  
    3:12  Unknown  
    3:22  Barracks Tech Lab  
    4:00  Barracks Tech Lab  
    4:35  Barracks  
    4:36  Barracks  
    5:25  Refinery  
    6:51  Factory  
    7:07  Barracks Reactor  
    7:08  Barracks Reactor  
Show
View Real Time Build Order
Export as new Build Order

Ragnarock Terran 

Build Orders:  

Get SALT Encoding   

    0:30  Unknown  
    0:47  Supply Depot  
    1:24  Unknown  
    1:54  Supply Depot  
    2:31  Unknown  
    2:38  Supply Depot  
    2:41  Unknown  
    2:42  Supply Depot  
    3:14  Unknown  
    4:15  Supply Depot  
    4:21  Unknown  
    4:58  Supply Depot  
    5:30  Unknown  
    6:18  Supply Depot  
    6:53  Orbital Command  
    7:00  Barracks  
    8:15  Unknown  
Show
View Real Time Build Order
Export as new Build Order

CloudStrife Terran 

Build Orders:  

Get SALT Encoding   

    0:44  Unknown  
    0:51  Unknown  
    1:30  Supply Depot  
    1:54  Supply Depot  
    2:31  Unknown  
    2:37  Supply Depot  
    2:38  Supply Depot  
    2:39  Supply Depot  
    3:10  Unknown  
    3:45  Unknown  
    4:21  Unknown  
    4:56  Unknown  
    5:32  Unknown  
    6:05  Supply Depot  
    6:39  Unknown  
    7:15  Unknown  
    7:50  Supply Depot  
Show
View Real Time Build Order
Export as new Build Order

siegelord Protoss 

Build Orders:  

Get SALT Encoding   

    0:49  Gateway  
    0:59  Unknown  
    1:06  Unknown  
    2:16  Assimilator  
    2:45  Unknown  
    2:53  Forge  
    3:08  Cybernetics Core  
    3:14  Unknown  
    4:18  Unknown  
    4:19  Unknown  
    4:26  Unknown  
    5:24  Assimilator  
    6:37  Twilight Council  
    7:41  Templar Archives  
    8:03  Assimilator  
Tags
 
Add a new tag
Caveats
  • Supply blocks, unpowered buildings, or Contaminate may cause inaccurate times.
  • Supply counts are checked every 10 seconds.